 Dungeon Sprint DCSS version 0.24.0-1-gfbc8707 (webtiles) character file.

Game seed: 17130565380767757539, levelgen mode: deterministic

1168 Fang the Fighter (level 8, -19/87 HPs)
             Began as a Gargoyle Berserker on Nov 7, 2019.
             Was a High Priest of Trog.
             Blown up by an eye of devastation (21 damage)
             ... with a bolt of energy
             ... in the Dungeon (Sprint V: "Ziggurat Sprint").
             The game lasted 00:01:05 (560 turns).

Fang the Fighter (Gargoyle Berserker)                Turns: 560, Time: 00:01:05

Health: -19/87     AC: 34    Str: 39    XL:     8   Next: 40%
Magic:  8/8        EV:  5    Int:  9    God:    Trog [*****.]
Gold:   0          SH: 30    Dex:  9    Spells: 7/7 levels left

rFire    . . .     SeeInvis .   a - +5 broad axe
rCold    . . .     Gourm    .   E - +18 shield of the Gong {rElec rN+ MR+ EV-5}
rNeg     + + .     Faith    .   b - +15 Maxwell's patent armour {-Cast -Tele rElec MR+ rCorr}
rPois    ∞         Spirit   .   (no helmet)
rElec    +         Reflect  .   (no cloak)
rCorr    +         Harm     .   (no gloves)
MR       ++++.     NoTele   +   (no boots) Stlth ..........NoCast +
                                (no amulet)
HPRegen  1.24/turn              D - +6 ring of strength
MPRegen  0.11/turn              C - +6 ring of strength

@: berserking (expiring), regenerating, very quick
A: negative energy resistance 1, electricity resistance, unbreathing,
petrification resistance, rot immunity, AC +5
a: Berserk, Trog's Hand, Brothers in Arms, Renounce Religion


You were in the Dungeon.
You worshipped Trog.
Trog was extremely pleased with you.
You were hungry.

You visited 1 branch

Inventory:

Hand Weapons
 a - a +5 broad axe (weapon)
Armour
 b - the +15 Maxwell's patent armour (worn) {-Cast -Tele rElec MR+ rCorr}
   (You found it in the Dungeon)

   It insulates you from electricity.
   It affects your resistance to hostile enchantments.
   It prevents spellcasting.
   It prevents most forms of teleportation.
   It provides partial protection from all sources of acid and corrosion.
 E - the +18 shield of the Gong (worn) {rElec rN+ MR+ EV-5}
   (You found it in the Dungeon)

   It affects your evasion (-5).
   It insulates you from electricity.
   It protects you from negative energy.
   It affects your resistance to hostile enchantments.
Jewellery
 C - a +6 ring of strength (right hand)
 D - a +6 ring of strength (left hand)
Wands
 u - a wand of disintegration (7)
 v - a wand of iceblast (7)
 w - a wand of acid (7)
Scrolls
 g - a scroll of brand weapon
 i - 4 scrolls of blinking
 j - 7 scrolls of fog
 k - a scroll of holy word
 l - 5 scrolls of identify
 m - 5 scrolls of remove curse
 n - 2 scrolls of fear
Potions
 d - 10 potions of curing
 e - 10 potions of heal wounds
 f - 6 potions of haste
 h - 3 potions of berserk rage
 p - 2 potions of invisibility
 q - 4 potions of resistance
 r - a potion of experience
 s - 6 potions of agility
 t - 5 potions of might
Comestibles
 c - 7 rations
 o - 9 chunks of flesh


   Skills:
 * Level 10.4 Fighting
 * Level 8.8 Axes
 + Level 8.8 Armour
 + Level 6.6 Dodging
 * Level 7.1 Shields


You had 7 spell levels left.
You didn't know any spells.
Your spell library was empty.

Dungeon Overview and Level Annotations

Branches:
Dungeon (1/1)

Altars:
Ashenzari
Cheibriados
Dithmenos
Elyvilon
Fedhas
Gozag
Hepliaklqana
Kikubaaqudgha
Makhleb
Nemelex Xobeh
Okawaru
Qazlal
Ru
Sif Muna
Trog
Uskayaw
Vehumet
Wu Jian
Xom
Yredelemnul
Zin
The Shining One
Beogh
Jiyva
Lugonu

Annotations:
D 1 transporter


Innate Abilities, Weirdness & Mutations

You are resistant to torment.
Your stone body is resilient. (AC +5)
You are immune to poison.
You resist negative energy. (rN+)
You are resistant to electric shocks. (rElec)
You can survive without breathing.
You are immune to petrification.
You are immune to rotting.


Message History

You slice the eye of devastation!! You slash the eye of devastation!
The eye of devastation gazes at you. The bolt of energy hits you!!
The eye of devastation gazes at you.
The bolt of energy hits you but does no damage.
You are too injured to fight recklessly!
You are too injured to fight recklessly!
You are too injured to fight recklessly!
You hit the eye of devastation.
The eye of devastation is moderately wounded.
You hit the eye of devastation but do no damage.
The eye of devastation gazes at you. The bolt of energy hits you!!
* * * LOW HITPOINT WARNING * * *
You hit the eye of devastation.
The eye of devastation is moderately wounded.
You hit the eye of devastation. The eye of devastation gazes at you.
The bolt of energy hits you!!
You die...

▓.▓....▓.▓....)...▓
▓...©....▓...©....▓
▓▓▓▓▓▓▓▓▓▓▓▓▓▓▓▓▓▓▓
▓..8©8..▓ ▓..)):..▓
▓..|[}..▓ ▓.......▓
▓.......▓ ▓...@G..▓
▓....G..▓ ▓.▓...▓.▓
▓...©...▓ ▓▓▓▓▓▓▓▓▓


You could see 2 eyes of devastation.

Vanquished Creatures
  A jumping spider (D)
  A slime creature (D)
  3 phantoms (D)
  3 necrophages (D)
  A scorpion (D)
  A wight (D)
  A quasit (D)
  A jelly (D)
  3 orc priests (D)
  A white imp (D)
  2 oozes (D)
  2 orcs (D)
  A bat skeleton (D)
  A ball python skeleton (D)
22 creatures vanquished.

Vanquished Creatures (others)
  A spatial maelstrom (D)
1 creature vanquished.

Grand Total: 23 creatures vanquished

Notes
Turn   | Place    | Note
-------+----------+-------------------------------------------
     0 | D        | Fang the Gargoyle Berserker began the quest for the Orb.
     0 | D        | Reached XP level 1. HP: 14/14 MP: 1/1
     0 | D        | Found a blossoming altar of Fedhas.
     1 | D        | Found the +6 Majin-Bo {vamp, Archmagi MP+6 Int+6}
     1 | D        | Found the +7 great mace "Firestarter" {inner flame, rF++}
     2 | D        | Found a viscous altar of Jiyva.
     2 | D        | Found a transporter.
     2 | D        | Found a hazy altar of Hepliaklqana.
     2 | D        | Found an ancient bone altar of Kikubaaqudgha.
     2 | D        | Found an opulent altar of Gozag.
     2 | D        | Found a corrupted altar of Lugonu.
    15 | D        | Found a burning altar of Makhleb.
    17 | D        | Found a stormy altar of Qazlal.
    17 | D        | Found an iron altar of Okawaru.
    17 | D        | Found a sacrificial altar of Ru.
    17 | D        | Found a sparkling altar of Nemelex Xobeh.
    17 | D        | Found a shimmering blue altar of Sif Muna.
    17 | D        | Found a bloodstained altar of Trog.
    24 | D        | Found the +9 heavy crossbow "Sniper" {velocity, Acc+∞ SInv}
    24 | D        | Found the +10 dark maul {crush}
    24 | D        | Found the +15 Maxwell's patent armour {-Cast -Tele rElec
                  | MR+ rCorr}
    24 | D        | Found the +18 shield of the Gong {rElec rN+ MR+ EV-5}
    24 | D        | Found the cursed +14 obsidian axe {chop, +Fly SInv *Curse}
    26 | D        | Banished a spatial maelstrom
    77 | D        | Entered arena 2.
    77 | D        | Noticed a jumping spider
    77 | D        | Noticed a scorpion
    77 | D        | Found a transporter.
    83 | D        | Killed a scorpion
    83 | D        | Reached skill level 5 in Fighting
    83 | D        | Reached XP level 2. HP: 21/21 MP: 2/2
    83 | D        | Reached XP level 3. HP: 26/26 MP: 3/3
    84 | D        | Killed a jumping spider
    84 | D        | Reached skill level 7 in Fighting
    84 | D        | Reached skill level 5 in Dodging
    84 | D        | Reached XP level 4. HP: 34/34 MP: 4/4
    84 | D        | Reached XP level 5. HP: 38/38 MP: 5/5
    84 | D        | Reached XP level 6. HP: 44/44 MP: 6/6
   312 | D        | Entered arena 3.
   312 | D        | Found a transporter.
   314 | D        | Reached ** piety under Trog
   315 | D        | Reached skill level 1 in Shields
   414 | D        | Entered arena 4.
   414 | D        | Noticed a phantom
   414 | D        | Noticed a necrophage
   414 | D        | Noticed a phantom
   414 | D        | Found a transporter.
   418 | D        | Reached *** piety under Trog
   418 | D        | Reached skill level 8 in Fighting
   418 | D        | Killed a phantom
   419 | D        | Killed a necrophage
   419 | D        | Reached XP level 7. HP: 50/50 MP: 7/7
   429 | D        | Reached skill level 9 in Fighting
   429 | D        | Reached skill level 5 in Shields
   510 | D        | Entered arena 5.
   510 | D        | Found a transporter.
   515 | D        | Reached **** piety under Trog
   521 | D        | Reached XP level 8. HP: 57/57 MP: 8/8
   527 | D        | Entered arena 6.
   527 | D        | Found a transporter.
   531 | D        | Reached skill level 10 in Fighting
   532 | D        | Reached ***** piety under Trog
   549 | D        | Entered arena 7.
   549 | D        | Noticed a slime creature
   549 | D        | Noticed an eye of devastation
   549 | D        | Noticed an eye of devastation
   552 | D        | Found a transporter.
   557 | D        | Killed a slime creature
   559 | D        | HP: 1/87 [disintegration (32)]
   560 | D        | Blown up by an eye of devastation

Levels and vault maps discovered:
D:        sprint_v [room_start, room_1, room_2, room_3, room_4, room_5, room_6,
          room_7, room_8, room_9, room_10, room_11, room_12, room_13, room_14,
          room_15, room_16, room_17, room_18, room_19, room_20, room_21,
          room_22, room_23, room_24, room_25, room_26, room_27]

Skill      XL: |  1  2  3  4  5  6  7  8 |
---------------+-------------------------+-----
Fighting       | 5 7 8 9 10 | 10.4
Axes           | 4 6 7 8 |  8.8
Armour         | 4 7 8 |  8.8
Dodging        | 3 5 6 |  6.6
Shields        | 4 6 7 |  7.1

Action                   |  1- 3 |  4- 6 |  7- 9 || total
-------------------------+-------+-------+-------++-------
Melee: Broad axe         |     6 |     9 |    29 ||    44
Invok: Berserk           |     1 |     2 |     1 ||     4
       Trog's Hand       |       |       |     1 ||     1
  Eat: Chunk             |       |       |     2 ||     2
Armor: Plate armour      |     6 |       |     8 ||    14
Dodge: Dodged            |       |       |     2 ||     2
Block: Shield            |    10 |    10 |    31 ||    51
